 Dungeon Crawl Stone Soup version 0.30-a0-358-g0d69a1922f (webtiles) character file.

Game seed: 7558089138083071796

30 mopl the Sneak (level 3, 0/26 HPs)
             Began as an Octopode Delver on Nov 9, 2022.
             Shot with an arrow by a centaur (6 damage)
             ... on level 4 of the Dungeon.
             The game lasted 00:00:17 (47 turns).

mopl the Sneak (Octopode Delver)                      Turns: 47, Time: 00:00:18

Health: 0/26       AC:  1    Str: 11    XL:     3   Next: 18%
Magic:  2/4        EV: 13    Int: 14    God:
Gold:   0          SH:  0    Dex: 13    Spells: 4/4 levels left

rFire   . . .      SeeInvis .    g - +0 arbalest
rCold   . . .      Faith    .    (shield currently unavailable)
rNeg    . . .      Spirit   .    (helmet restricted)
rPois   .          Reflect  .    (no amulet)
rElec   .          Harm     .    (no ring)
rCorr   .          Rampage  .    (no ring)
Will    .....                    (no ring)
Stlth   ++++......               (no ring)
HPRegen 0.24/turn                (no ring)
MPRegen 0.09/turn                (no ring)
                                 (no ring)
                                 (no ring)

@: no status effects
A: almost no armour, amphibious, 8 rings, camouflage 1, gelatinous body 1,
(nimble swimmer 1), tentacles
a: no special abilities


You were on level 4 of the Dungeon.
You visited 1 branch of the dungeon, and saw 2 of its levels.

Inventory:

Hand Weapons
 a - a +0 mace
 g - a +0 arbalest (weapon)
Wands
 f - a wand of digging (3)
Scrolls
 b - a scroll of fog
 c - a scroll of magic mapping
 d - a scroll of fear
 h - 3 scrolls of identify {unknown}
Potions
 e - a potion of haste


   Skills:
 + Level 3.2 Fighting
 - Level 2.0 Maces & Flails
 + Level 2.3 Dodging
 + Level 6.9 Stealth
 + Level 1.0 Spellcasting
 + Level 1.1 Evocations


You had 4 spell levels left.
You didn't know any spells.
Your spell library was empty.

Dungeon Overview and Level Annotations

Branches:
Dungeon (5/15)
 Temple: D:4-7

Altars:


Innate Abilities, Weirdness & Mutations

You cannot wear most types of armour.
You are amphibious.
You can wear up to eight rings at the same time.
Your skin changes colour to match your surroundings (Stealth+).
Your rubbery body absorbs attacks. (AC +1, EV +1)
((You are camouflaged when in or above water. (Stealth+)))
You have tentacles for arms and can constrict up to eight enemies at once.


Message History

A mysterious force pulls you upwards. The hatch slams shut behind you.
Found an arbalest.
You see here a +0 arbalest.
g - a +0 arbalest
g - a +0 arbalest (weapon)
h - 3 scrolls labelled SECYRAEP XISIH A gnoll comes into view.
It is wielding a +0 flail.
You shoot a bolt. The bolt hits the gnoll!
The gnoll shouts!
The gnoll is severely wounded.
You shoot a bolt. The bolt hits the gnoll!
You kill the gnoll!
You hear a shout!
A gnoll comes into view. It is wielding a +0 flail.
You have reached level 2!
You shoot a bolt. The bolt barely misses the gnoll.
You shoot a bolt. The bolt hits the gnoll!
You kill the gnoll!
You hear a shout!
A gnoll comes into view. It is wielding a +0 club.
You shoot a bolt. The bolt hits the gnoll!
You kill the gnoll!
Your Spellcasting skill increases to level 1!
Your Evocations skill increases to level 1!
You have reached level 3!
Your experience leads to an increase in your attributes!
Increase (S)trength, (I)ntelligence, or (D)exterity?
You feel clever. x2
A centaur comes into view.
You shoot a bolt.
The bolt hits the centaur but does no damage.
The centaur wields a +0 shortbow.
The centaur shoots an arrow.
The arrow misses you.
The centaur shoots an arrow.
The arrow hits you!
The centaur shoots an arrow.
The arrow barely misses you.
You shoot a bolt. The bolt hits the centaur.
The centaur is lightly wounded.
The centaur shoots an arrow.
The arrow hits you!
* * * LOW HITPOINT WARNING * * *
The centaur shoots an arrow.
The arrow hits you.
You die...

###### #....# #....#
#....# #....#
###################....#
.c.))).@................
#.....#######....##....#
#.### ###....##....#
#......###.... #......#
#.... #......# #....
#......# .... #......#
.... #......#


You could see a centaur.

Vanquished Creatures
  3 gnolls (D:4)
3 creatures vanquished.

Notes
Turn   | Place    | Note
-------+----------+-------------------------------------------
     0 | D:5      | mopl the Octopode Delver began the quest for the Orb.
     0 | D:5      | Reached XP level 1. HP: 16/16 MP: 1/1
    41 | D:4      | Reached XP level 2. HP: 21/21 MP: 2/2
    44 | D:4      | Reached skill level 1 in Spellcasting
    44 | D:4      | Reached skill level 1 in Evocations
    44 | D:4      | Reached XP level 3. HP: 26/26 MP: 2/4
    45 | D:4      | Noticed a centaur
    47 | D:4      | Shot with an arrow by a centaur

Illustrated notes

Levels and vault maps discovered:
D:4:      layout_basic, sigmund_army, uniq_grinder, uniq_robin
D:5:      layout_basic, gammafunk_temple_overflow_forgotten, uniq_pikel

Skill      XL: |  1  2 |
---------------+-------+-----
Spellcasting   | 1 |  1.0
Evocations     | 1 |  1.1
Fighting       | |  3.2
Maces & Flails | |  2.0
Dodging        | |  2.3
Stealth        | |  6.9

Action                   || total
-------------------------++-------
 Fire: Arbalest          ||     7
Dodge: Dodged            ||     2

Table legend: (Time is in decaauts)
 A = Elapsed time spent in this place.
 B = Non-inter-level travel time spent in this place.
 C = Inter-level travel time spent in this place.
 D = Time resting spent in this place.
 E = Time spent auto-exploring this place.
 F = Levels seen in this place.
 G = Mean time per level.
                   A        B        C        D        E       F      G
               +--------+--------+--------+--------+--------+-----+--------+
         Total |     51 |     51 |      0 |      0 |     27 |   2 |   25.5 |
       Dungeon |     51 |     51 |      0 |      0 |     27 |   2 |   25.5 |
               +--------+--------+--------+--------+--------+-----+--------+

Top non-repeatable levels by time:
     D:4: 46 daAuts
     D:5: 5 daAuts
